[Event "Titled Tuesday Blitz February 15 Early 2022"]
[White "Stromboli, Ettore"]
[Black "Bluebaum, Matthias"]
[WhiteFideId "813761"]
[BlackFideId "24651516"]
[WhiteElo "2509"]
[BlackElo "2831"]
[Result "0-1"]
[Round "05"]
[TimeControl "180+1"]
[Date "2022.02.15"]
[WhiteClock "0:00:07"]
[BlackClock "0:00:34"]

1. e4 c6 2. e5 d5 3. exd6 exd6 4. d4 d5 5. Nf3 Bd6 6. h3 Ne7 7. Bd3 O-O 8. O-O Bf5 9. c4 Bxd3 10. Qxd3 dxc4 11. Qxc4 Nd7 12. Nc3 Nb6 13. Qb3 Qd7 14. Re1 Ned5 15. Ne4 Rae8 16. Bd2 Re7 17. a4 Rfe8 18. Nxd6 Qxd6 19. a5 Nc8 20. Qxb7 Rxb7 21. Rxe8+ Qf8 22. Rxf8+ Kxf8 23. Ne5 Nce7 24. Bc3 f6 25. Nd3 Nf5 26. Nc5 Rb5 27. a6 Kf7 28. Re1 Rb6 29. g3 Nd6 30. Re2 Nb5 31. Rc2 Rb8 32. Kf1 Re8 33. Na4 Ndc7 34. Ba5 Nxd4 35. Rc4 Ncb5 36. Bc3 Rd8 37. Nc5 Rd5 38. Nb7 Ke6 39. Na5 Kd7 40. Bxd4 Nxd4 41. Nb7 Ne6 42. Nc5+ Nxc5 43. Rh4 h5 44. Rb4 Kc7 45. g4 hxg4 46. Rxg4 g5 47. h4 gxh4 48. Rxh4 Nxa6 49. Rh7+ Kb6 50. Rf7 f5 51. Rf8 Rb5 52. b3 Nb4 53. Ke2 Nd5 54. Kd2 f4 55. Kc2 Rc5+ 56. Kb2 Rc3 57. Rxf4 Rxb3+ 58. Kxb3 Nxf4 59. Kc4 a5 60. Kd4 a4 61. Ke4 Nd5 0-1


[Site "https://www.chess.com"]

[Event "Titled Tuesday Blitz February 15 Early 2022"]
[White "Subelj, Jan"]
[Black "Lakshmi C"]
[WhiteFideId "14618583"]
[BlackFideId "25035347"]
[WhiteElo "2248"]
[BlackElo "1775"]
[Result "1-0"]
[Round "05"]
[TimeControl "180+1"]
[Date "2022.02.15"]
[WhiteClock "0:00:21"]
[BlackClock "0:00:04"]

1. d4 Nf6 2. Bf4 g6 3. Nf3 Bg7 4. e3 O-O 5. h3 d5 6. c3 b6 7. Nbd2 Bb7 8. Bd3 Nbd7 9. O-O Ne8 10. e4 c6 11. Re1 e6 12. c4 Nef6 13. Bd6 Re8 14. e5 Nh5 15. cxd5 exd5 16. g3 Bh8 17. b4 Nf8 18. Nh2 Bc8 19. Ng4 Bg7 20. Kg2 Ne6 21. Nf3 f5 22. exf6 Nxf6 23. Be5 Bd7 24. Rc1 Nxg4 25. hxg4 Qe7 26. a3 Qf7 27. Bxg7 Qxg7 28. Bf1 Rac8 29. Ne5 Nf8 30. Ba6 Rc7 31. f4 Be6 32. Rxc6 Rxc6 33. Nxc6 Bd7 34. Rxe8 Bxe8 35. Ne5 b5 36. Qb3 Ne6 37. Qxd5 Qe7 38. Bxb5 Bxb5 39. Qxb5 Nxd4 40. Qd5+ Qe6 41. Qxd4 Qa2+ 42. Kh3 Qb1 43. Qd8+ Kg7 44. Qe7+ Kh6 45. g5+ Kh5 46. g4# 1-0


[Site "https://www.chess.com"]

[Event "Titled Tuesday Blitz February 15 Early 2022"]
[White "Svane, Rasmus"]
[Black "Goryachkina, Aleksandra"]
[WhiteFideId "4657101"]
[BlackFideId "4147103"]
[WhiteElo "2934"]
[BlackElo "2682"]
[Result "0-1"]
[Round "05"]
[TimeControl "180+1"]
[Date "2022.02.15"]
[WhiteClock "0:00:05"]
[BlackClock "0:00:03"]

1. Nf3 d5 2. g3 Bg4 3. Bg2 c6 4. O-O Nf6 5. h3 Bh5 6. d4 e6 7. c4 Bxf3 8. Bxf3 Nbd7 9. Nd2 Bd6 10. b3 O-O 11. Bb2 Qe7 12. Qc2 Rad8 13. Rfe1 h6 14. Rad1 Rfe8 15. e4 dxe4 16. Nxe4 Nxe4 17. Bxe4 Nf6 18. Bf3 Qc7 19. Bc3 b6 20. Kg2 c5 21. Qb2 cxd4 22. Bxd4 e5 23. Bc3 e4 24. Be2 Re6 25. Bd4 Rde8 26. Be3 Bc5 27. Qc1 Bxe3 28. Qxe3 Nd7 29. Bg4 R6e7 30. Rd4 Nf6 31. Be2 h5 32. Red1 h4 33. g4 Qe5 34. g5 Nh7 35. Rd5 Qe6 36. Bg4 Qg6 37. Kh1 f6 38. Bf5 Qh5 39. g6 Ng5 40. Rd8 Qf3+ 41. Qxf3 exf3 42. R1d7 Kf8 43. Rxe7 Kxe7 44. Rd7+ Kf8 45. Rxa7 Re1+ 46. Kh2 Re2 47. Ra8+ Ke7 48. Rg8 Rxf2+ 49. Kg1 Rg2+ 50. Kf1 Kd6 51. Rxg7 Ke5 52. Bd3 Nxh3 53. Ke1 f2+ 54. Ke2 Nf4+ 55. Kf1 h3 56. Rh7 Nxd3 57. Rh5+ f5 58. Ke2 Nf4+ 59. Kf1 Nxh5 0-1


[Site "https://www.chess.com"]

[Event "Titled Tuesday Blitz February 15 Early 2022"]
[White "Sviridov, Valery"]
[Black "Szpar, Milosz"]
[WhiteFideId "4120680"]
[BlackFideId "1184989"]
[WhiteElo "2454"]
[BlackElo "2447"]
[Result "0-1"]
[Round "05"]
[TimeControl "180+1"]
[Date "2022.02.15"]
[WhiteClock "0:00:10"]
[BlackClock "0:00:04"]

1. Nf3 d5 2. g3 c6 3. Bg2 Bg4 4. O-O Nd7 5. d4 e6 6. Nbd2 Bd6 7. e4 Ne7 8. c3 O-O 9. Re1 c5 10. exd5 Nxd5 11. Ne4 Be7 12. h3 Bh5 13. Qb3 cxd4 14. Nxd4 Qb6 15. Nd2 Nc5 16. Qxb6 Nxb6 17. N2b3 Nd3 18. Re3 Nxc1 19. Rxc1 Nc4 20. Ree1 Nxb2 21. Rb1 Na4 22. Bxb7 Rab8 23. Na5 Bc5 24. Nac6 Rbe8 25. Rb3 Bb6 26. Ne5 Nc5 27. Rb5 Nxb7 28. Nd7 Bg6 29. Nxf8 Kxf8 30. a4 Na5 31. h4 h5 32. Nf3 f6 33. Rc1 Nc4 34. Rb4 Rc8 35. Nd4 e5 36. Nb5 Na5 37. Rb2 Ke7 38. Rd2 Nb3 39. Rcd1 Nxd2 40. Rxd2 Rd8 41. Rb2 Rd1+ 42. Kg2 Be4+ 43. f3 Rg1+ 44. Kh2 Bxf3 45. g4 hxg4 46. a5 Be3 47. Na3 Rc1 48. Kg3 Rg1+ 49. Kh2 g3+ 50. Kh3 f5 0-1


[Site "https://www.chess.com"]

[Event "Titled Tuesday Blitz February 15 Early 2022"]
[White "Ter-Sahakyan, Samvel"]
[Black "Orlov, Georgi"]
[WhiteFideId "13302531"]
[BlackFideId "2011271"]
[WhiteElo "2592"]
[BlackElo "2492"]
[Result "1-0"]
[Round "05"]
[TimeControl "180+1"]
[Date "2022.02.15"]
[WhiteClock "0:00:09"]
[BlackClock "0:00:08"]

1. d4 Nf6 2. c4 Nc6 3. Nc3 e5 4. d5 Ne7 5. e4 Ng6 6. a3 Bc5 7. h3 d6 8. Nf3 a6 9. g3 O-O 10. Bg2 Ne8 11. Qe2 f5 12. exf5 Bxf5 13. Be3 Bxe3 14. Qxe3 Nf6 15. O-O Qc8 16. Kh2 h6 17. c5 Ne7 18. Rfd1 Bc2 19. Rd2 Nf5 20. Qe2 e4 21. Nd4 Bd3 22. Nxf5 Qxf5 23. Qe3 Nxd5 24. Nxd5 Qxd5 25. cxd6 cxd6 26. Rad1 Qf5 27. f3 d5 28. fxe4 dxe4 29. Re1 Rae8 30. Kg1 Qg6 31. Kh2 Kh8 32. Rf2 Rxf2 33. Qxf2 Qf6 34. Qxf6 gxf6 35. g4 b5 36. Kg3 e3 37. Bf3 Re5 38. Kf4 e2 39. Kg3 Kg7 40. Kf2 f5 41. Bxe2 Bxe2 42. Rxe2 Rxe2+ 43. Kxe2 Kf6 44. Kf3 fxg4+ 45. Kxg4 Kg6 46. h4 h5+ 47. Kf4 Kf6 48. b4 Ke6 49. Kg5 Ke5 50. Kxh5 Kf5 51. Kh6 Kf6 52. h5 Kf5 53. Kg7 1-0


[Site "https://www.chess.com"]

[Event "Titled Tuesday Blitz February 15 Early 2022"]
[White "Terry, Renato"]
[Black "Deac, Bogdan-Daniel"]
[WhiteFideId "3803457"]
[BlackFideId "1226380"]
[WhiteElo "2577"]
[BlackElo "2646"]
[Result "1/2-1/2"]
[Round "05"]
[TimeControl "180+1"]
[Date "2022.02.15"]
[WhiteClock "0:00:03"]
[BlackClock "0:00:02"]

1. d4 Nf6 2. Nf3 d5 3. c4 e6 4. e3 g6 5. b3 Bg7 6. Ba3 Nc6 7. Nc3 Ne7 8. Bd3 O-O 9. O-O Re8 10. Rc1 c6 11. Qe2 Nf5 12. Rfd1 Qa5 13. Qb2 a6 14. h3 Qd8 15. Ne5 Nd6 16. f4 Bf8 17. Rf1 Nd7 18. g4 Qa5 19. b4 Qd8 20. c5 Nb5 21. g5 Nxe5 22. dxe5 Nxa3 23. Qxa3 a5 24. b5 b6 25. Na4 bxc5 26. Nxc5 Bd7 27. bxc6 Bxc6 28. Qc3 Rc8 29. Nb3 Ba4 30. Qxa5 Qxa5 31. Nxa5 Bb4 32. Nb3 Bxb3 33. axb3 Bd2 34. Rxc8 Bxe3+ 35. Kg2 Rxc8 36. Kf3 Bd2 37. Rd1 Bb4 38. Ke2 Rc3 39. Rb1 h5 40. Rb2 h4 41. Rb1 Kf8 42. Ke3 Ke7 43. Ke2 Kd7 44. Ra1 Ke7 45. Rb1 Kf8 46. Ke3 Ke7 47. Ke2 1/2-1/2


[Site "https://www.chess.com"]

[Event "Titled Tuesday Blitz February 15 Early 2022"]
[White "Thunderbolt135"]
[Black "Vidit, Santosh Gujrathi"]
[BlackFideId "5029465"]
[WhiteElo "2753"]
[BlackElo "2654"]
[Result "1-0"]
[Round "05"]
[TimeControl "180+1"]
[Date "2022.02.15"]
[WhiteClock "0:00:05"]
[BlackClock "0:00:01"]

1. e4 c5 2. Nf3 d6 3. d4 cxd4 4. Nxd4 Nf6 5. Nc3 Nc6 6. Bg5 e6 7. Qd2 a6 8. O-O-O Bd7 9. f4 b5 10. Bxf6 gxf6 11. Kb1 Qb6 12. Nxc6 Bxc6 13. f5 Qc5 14. Bd3 h5 15. fxe6 fxe6 16. Qf4 Qe5 17. Qf2 Be7 18. Rde1 Qc5 19. Qf3 h4 20. Qg4 Kf7 21. Rhf1 Rag8 22. Qh3 Rg5 23. Ne2 e5 24. Nc3 b4 25. Nd5 Bxd5 26. exd5 a5 27. Qe6+ Ke8 28. Rxf6 Kd8 29. Rf7 Re8 30. Bf5 Qc7 31. Rxe5 Rxg2 32. Re1 a4 33. a3 bxa3 34. bxa3 Rgg8 35. Rxe7 Qb6+ 36. Ka2 1-0


[Site "https://www.chess.com"]

[Event "Titled Tuesday Blitz February 15 Early 2022"]
[White "Toncheva, Nadya"]
[Black "Jaferian, Koosha"]
[WhiteFideId "2924056"]
[BlackFideId "12507440"]
[WhiteElo "1920"]
[BlackElo "2027"]
[Result "0-1"]
[Round "05"]
[TimeControl "180+1"]
[Date "2022.02.15"]
[WhiteClock "0:00:02"]
[BlackClock "0:00:07"]

1. d4 Nf6 2. c4 e6 3. Nc3 Bb4 4. e3 O-O 5. Bd3 d5 6. cxd5 exd5 7. Ne2 Re8 8. O-O c5 9. Bd2 Nc6 10. a3 Bxc3 11. Bxc3 c4 12. Bc2 b5 13. Ng3 a5 14. Qf3 Bg4 15. Qf4 b4 16. axb4 axb4 17. Bd2 Be6 18. Nf5 Bxf5 19. Bxf5 g6 20. Bc2 Ne4 21. Rxa8 Qxa8 22. Be1 Kg7 23. f3 Nf6 24. Bh4 Nh5 25. Qd6 Rxe3 26. g4 Re6 27. Qxd5 Nf4 28. Qxc4 Ne2+ 29. Kh1 Ncxd4 30. Kg2 Nf4+ 31. Kg1 Nxf3+ 32. Rxf3 Qxf3 33. Qd4+ Kg8 34. Qd8+ Kg7 35. Qd4+ f6 36. Qd7+ Kh6 37. g5+ fxg5 38. Bxg5+ Kxg5 39. Qd8+ Rf6 40. Qa5+ Kh6 0-1


[Site "https://www.chess.com"]

[Event "Titled Tuesday Blitz February 15 Early 2022"]
[White "Topalov, Aleksandar"]
[Black "Barp, Alberto"]
[WhiteFideId "925659"]
[BlackFideId "872555"]
[WhiteElo "2098"]
[BlackElo "2229"]
[Result "1-0"]
[Round "05"]
[TimeControl "180+1"]
[Date "2022.02.15"]
[WhiteClock "0:00:15"]
[BlackClock "0:00:03"]

1. b3 d5 2. Bb2 Bg4 3. f3 Bf5 4. e3 Nf6 5. Ne2 Nbd7 6. d4 h6 7. Ng3 Bg6 8. Bd3 Bxd3 9. Qxd3 e6 10. O-O c6 11. e4 Qb6 12. Kh1 O-O-O 13. e5 Nh7 14. a4 a6 15. Nd2 f5 16. exf6 Nhxf6 17. Rfe1 Re8 18. Re2 Bd6 19. Rae1 Qc7 20. Ndf1 h5 21. Rxe6 Rxe6 22. Rxe6 Nf8 23. Re1 g6 24. c4 Qd7 25. Bc1 h4 26. Ne2 Ne6 27. Qxg6 Nh5 28. cxd5 cxd5 29. Bg5 Nhg7 30. Nc3 Kb8 31. Bf6 Rf8 32. Nxd5 Bxh2 33. Nxh2 Qxd5 34. Bxg7 Rg8 35. Qxe6 Qxe6 36. Rxe6 Rxg7 1-0


[Site "https://www.chess.com"]

[Event "Titled Tuesday Blitz February 15 Early 2022"]
[White "Tsydypov, Zhamsaran"]
[Black "Yuan, Qingyu"]
[WhiteFideId "4108566"]
[BlackFideId "8609772"]
[WhiteElo "2614"]
[BlackElo "2359"]
[Result "1-0"]
[Round "05"]
[TimeControl "180+1"]
[Date "2022.02.15"]
[WhiteClock "0:00:27"]
[BlackClock "0:00:03"]

1. e4 c6 2. Nf3 d5 3. d3 dxe4 4. dxe4 Qxd1+ 5. Kxd1 Nf6 6. Nbd2 g6 7. Ne1 Bh6 8. f3 O-O 9. a4 Be6 10. Nd3 Nbd7 11. a5 Rfd8 12. b3 Nh5 13. Ba3 Kf8 14. g3 Bg7 15. Ra2 Ne5 16. f4 Nxd3 17. Bxd3 Nf6 18. Ke2 h5 19. Bc5 Nd7 20. Bf2 Bg4+ 21. Nf3 h4 22. gxh4 e5 23. Rg1 Bh5 24. Ke3 Bh6 25. Ng5 exf4+ 26. Kd2 Ne5 27. Kc3 Bg7 28. Kb4 Ng4 29. Bc5+ Kg8 30. Bc4 Ne5 31. Rf1 Nxc4 32. bxc4 Be5 33. Nh3 Be2 34. Rf2 f3 35. Ng1 b6 36. Be3 c5+ 37. Kb3 Bd1 38. Ka3 bxa5 39. Nxf3 Bc3 40. Ng5 Bb4+ 41. Ka4 Rd7 42. e5 Re8 43. e6 fxe6 44. Ne4 Kg7 45. Nf6 Rf8 46. Nxd7 Rd8 47. Nxc5 Bg4 48. Kb5 Rc8 49. Bd4+ e5 50. Bxe5+ Kh6 51. Nb7 Bd7+ 52. Ka6 Rc6+ 53. Kxa7 Bc8 54. c5 Be6 55. c4 Rc8 56. Bd6 Bxc4 57. Rxa5 Bxa5 58. Nxa5 Bd5 59. Rf4 Bg2 60. Rc4 Bd5 61. Rc3 Be4 62. c6 Kh5 63. Bg3 Kg4 64. Kb6 Kf5 65. c7 Ra8 66. c8=Q+ Rxc8 67. Rxc8 Kg4 68. Rc4 1-0


[Site "https://www.chess.com"]

[Event "Titled Tuesday Blitz February 15 Early 2022"]
[White "Tsyhanchuk, Stanislav"]
[Black "Mirzanurov, Bulat"]
[WhiteFideId "13505130"]
[BlackFideId "4184521"]
[WhiteElo "2078"]
[BlackElo "2116"]
[Result "1-0"]
[Round "05"]
[TimeControl "180+1"]
[Date "2022.02.15"]
[WhiteClock "0:00:25"]
[BlackClock "0:00:02"]

1. e4 c5 2. Nf3 d6 3. d4 cxd4 4. Nxd4 Nf6 5. Nc3 a6 6. f3 e5 7. Nb3 Be7 8. Be3 Be6 9. Qd2 O-O 10. O-O-O Nbd7 11. g4 b5 12. Nd5 Bxd5 13. exd5 Nb6 14. Bxb6 Qxb6 15. h4 a5 16. Kb1 a4 17. Nc1 b4 18. h5 Nd7 19. g5 Nc5 20. g6 h6 21. Nd3 Bg5 22. Qe2 Nxd3 23. Qxd3 f5 24. Bh3 f4 25. Be6+ Kh8 26. Rhg1 Bf6 27. Bd7 Rfb8 28. Bc6 Ra7 29. Rg2 b3 30. cxb3 axb3 31. a3 Qc5 32. Rc1 Qb6 33. Qe4 Ra5 34. Bd7 Rxd5 35. Qxd5 Qe3 36. Qb7 Rd8 37. Rgg1 Qd3+ 38. Ka1 d5 39. Bc6 d4 40. Be4 Qe3 41. Rgd1 d3 42. Bxd3 Qxf3 43. Qxf3 1-0


[Site "https://www.chess.com"]

[Event "Titled Tuesday Blitz February 15 Early 2022"]
[White "Urbina Quiroz, Edwin"]
[Black "Milosevic, Milos"]
[WhiteFideId "6500650"]
[BlackFideId "964875"]
[WhiteElo "2130"]
[BlackElo "2198"]
[Result "0-1"]
[Round "05"]
[TimeControl "180+1"]
[Date "2022.02.15"]
[WhiteClock "0:00:14"]
[BlackClock "0:01:19"]

1. e4 g6 2. d4 Bg7 3. Nc3 d6 4. g3 e5 5. dxe5 dxe5 6. Qxd8+ Kxd8 7. Bg5+ f6 8. O-O-O+ Nd7 9. Be3 c6 10. f4 Kc7 11. Nf3 Nh6 12. Bh3 Nf7 13. Kb1 exf4 14. Bxf4+ Nde5 15. Bxc8 Raxc8 16. Nxe5 fxe5 17. Be3 b6 18. Rhf1 Nd6 19. Rf3 Rhf8 20. Rdf1 Rxf3 21. Rxf3 Kd7 22. b3 Ke6 23. Kc1 Rb8 24. a4 a6 25. Rf1 Bf8 26. Bxb6 Bh6+ 27. Be3 Bxe3+ 28. Kb2 Bd4 0-1


[Site "https://www.chess.com"]

[Event "Titled Tuesday Blitz February 15 Early 2022"]
[White "Vaishali, Rameshbabu"]
[Black "Golizadeh, Asghar"]
[WhiteFideId "5091756"]
[BlackFideId "12505269"]
[WhiteElo "2343"]
[BlackElo "2403"]
[Result "1-0"]
[Round "05"]
[TimeControl "180+1"]
[Date "2022.02.15"]
[WhiteClock "0:01:18"]
[BlackClock "0:00:50"]

1. d4 Nf6 2. c4 g6 3. Nc3 Bg7 4. e4 d6 5. Be2 O-O 6. h4 h5 7. Bg5 c5 8. d5 e6 9. Qd2 exd5 10. cxd5 a6 11. a4 Qa5 12. f3 b5 13. Nh3 Nbd7 14. O-O b4 15. Nd1 Ne5 16. Nhf2 Bd7 17. Ne3 Rac8 18. Bxf6 Bxf6 19. f4 Ng4 20. Nfxg4 hxg4 21. Bxg4 Bxg4 22. Nxg4 Bxh4 23. f5 Qd8 24. f6 g5 25. Rf5 Kh8 26. Rxg5 Bxg5 27. Qxg5 1-0


[Site "https://www.chess.com"]

[Event "Titled Tuesday Blitz February 15 Early 2022"]
[White "Valle Maytin, Luis Enrique"]
[Black "Avazkhonov, Alikhon"]
[WhiteFideId "3503666"]
[BlackFideId "14208504"]
[WhiteElo "2007"]
[BlackElo "1739"]
[Result "0-1"]
[Round "05"]
[TimeControl "180+1"]
[Date "2022.02.15"]
[WhiteClock "0:01:50"]
[BlackClock "0:02:09"]

1. e4 c5 2. Nf3 d6 3. d4 cxd4 4. Nxd4 Nf6 5. Nc3 a6 6. Bg5 e6 7. f4 h6 8. Bh4 Be7 9. Qf3 Nbd7 10. O-O-O Qc7 11. g4 g5 12. Bg3 gxf4 13. Bf2 Ne5 14. Qe2 Nfxg4 15. Qxg4 0-1


[Site "https://www.chess.com"]

[Event "Titled Tuesday Blitz February 15 Early 2022"]
[White "Van Foreest, Jorden"]
[Black "Gabrielian, Artur"]
[WhiteFideId "1039784"]
[BlackFideId "4131002"]
[WhiteElo "2609"]
[BlackElo "2440"]
[Result "1-0"]
[Round "05"]
[TimeControl "180+1"]
[Date "2022.02.15"]
[WhiteClock "0:00:35"]
[BlackClock "0:00:01"]

1. Nf3 Nf6 2. d4 g6 3. Bg5 Bg7 4. Nbd2 d5 5. e3 O-O 6. c3 Nbd7 7. Be2 c5 8. O-O b6 9. a4 a6 10. b4 a5 11. bxc5 bxc5 12. Bb5 Bb7 13. Rb1 Ne4 14. Nxe4 dxe4 15. Nd2 cxd4 16. cxd4 Nf6 17. Nc4 Nd5 18. Qd2 h6 19. Bh4 g5 20. Bg3 f5 21. Be5 f4 22. Bxg7 Kxg7 23. Ne5 Nb4 24. Rfc1 Bd5 25. Rc5 Qd6 26. Rbc1 f3 27. g3 Ra7 28. Qd1 h5 29. h3 Rb8 30. Kh2 Rbb7 31. Rc8 Rc7 32. Rc5 Rxc5 33. Rxc5 Rc7 34. Qc1 Rxc5 35. Qxc5 Qxc5 36. dxc5 Kf6 37. Nd7+ Ke6 38. g4 h4 39. Nf8+ Kf6 40. Be8 Bc6 41. Nh7+ Ke5 42. Bxc6 Nxc6 43. Nxg5 Nb4 44. Nf7+ Kf6 45. Nd8 Nd5 46. c6 Nc7 47. Nb7 1-0


[Site "https://www.chess.com"]

[Event "Titled Tuesday Blitz February 15 Early 2022"]
[White "Vetokhin, Ilia"]
[Black "Hess, Robert"]
[WhiteFideId "24156078"]
[BlackFideId "2022036"]
[WhiteElo "2507"]
[BlackElo "2813"]
[Result "0-1"]
[Round "05"]
[TimeControl "180+1"]
[Date "2022.02.15"]
[WhiteClock "0:00:06"]
[BlackClock "0:00:14"]

1. d4 g6 2. c4 Bg7 3. Nc3 c5 4. Nf3 cxd4 5. Nxd4 Nc6 6. Nxc6 Bxc3+ 7. bxc3 dxc6 8. Qxd8+ Kxd8 9. Ba3 Be6 10. O-O-O+ Ke8 11. e3 Nf6 12. Be2 Ne4 13. Rdf1 Nxc3 14. Bd3 Na4 15. Kc2 b6 16. Kb3 b5 17. Rc1 Nb6 18. Kb4 Nxc4 19. Be4 Bd5 20. Bxd5 cxd5 21. Rhd1 a5+ 22. Kxb5 Nxa3+ 23. Ka4 Nc4 24. Kb5 Rb8+ 25. Kc5 e6 26. e4 Ke7 27. exd5 Rhc8+ 28. Kd4 Nd6 29. dxe6 fxe6 30. Rxc8 Rxc8 31. Rb1 Rc4+ 32. Ke5 Re4# 0-1


[Site "https://www.chess.com"]

[Event "Titled Tuesday Blitz February 15 Early 2022"]
[White "Vifleemskaia, Svetlana"]
[Black "Tanenbaum, Zachary"]
[WhiteFideId "4129490"]
[BlackFideId "2060850"]
[WhiteElo "1901"]
[BlackElo "2168"]
[Result "1/2-1/2"]
[Round "05"]
[TimeControl "180+1"]
[Date "2022.02.15"]
[WhiteClock "0:00:51"]
[BlackClock "0:00:35"]

1. d4 d5 2. c4 Bf5 3. cxd5 Bxb1 4. Qa4+ c6 5. Rxb1 Qxd5 6. Nf3 Nd7 7. e3 Ngf6 8. Bd3 Nc5 9. Qc4 Nxd3+ 10. Qxd3 Qxa2 11. O-O e6 12. e4 Qa5 13. b4 Qd8 14. b5 c5 15. d5 Bd6 16. e5 Bxe5 17. Nxe5 Nxd5 18. Qg3 O-O 19. Bh6 Qf6 20. Bg5 Qf5 21. Bh6 Qf6 22. Bg5 Qf5 23. Bh6 Qf6 1/2-1/2


[Site "https://www.chess.com"]

[Event "Titled Tuesday Blitz February 15 Early 2022"]
[White "Viskelis, Darius"]
[Black "Tuleyeva-Aketayeva, Dana"]
[WhiteFideId "12800830"]
[BlackFideId "13701932"]
[WhiteElo "1999"]
[BlackElo "1944"]
[Result "1/2-1/2"]
[Round "05"]
[TimeControl "180+1"]
[Date "2022.02.15"]
[WhiteClock "0:00:07"]
[BlackClock "0:00:12"]

1. e4 c5 2. d4 cxd4 3. c3 d3 4. c4 Nc6 5. Nc3 g6 6. Bxd3 Bg7 7. Nf3 d6 8. h3 Nf6 9. O-O O-O 10. Re1 Nd7 11. Bg5 h6 12. Bh4 Nde5 13. Nd5 Nxd3 14. Qxd3 Be6 15. Rad1 b6 16. b4 Bxd5 17. exd5 Nxb4 18. Qb3 Na6 19. Bxe7 Qd7 20. Bxf8 Rxf8 21. Qb5 Qxb5 22. cxb5 Nc7 23. a4 Bf6 24. Nd4 Nxd5 25. Nc6 Nc3 26. Rxd6 Kg7 27. Nxa7 Nxa4 28. Rc1 Ra8 29. Nc6 Nc3 30. Re1 Nxb5 31. Rd7 Rc8 32. Ne7 Rc2 33. Red1 Nc3 34. R1d3 b5 35. g3 b4 36. Nd5 b3 37. Nxf6 Kxf6 38. Rb7 b2 39. Rb6+ Kg7 40. Rxc3 Rc1+ 41. Kg2 b1=Q 42. Rxb1 Rxb1 43. Rc7 Rb2 44. Ra7 h5 45. h4 Rb4 46. Ra6 Rd4 47. Rc6 Rd7 48. Rc5 Re7 49. Kf3 Re6 50. Rc4 Rf6+ 51. Rf4 Re6 52. Re4 Rf6+ 53. Ke3 Rf5 54. Rf4 Re5+ 55. Re4 Rb5 56. f3 Rb3+ 57. Kf4 Rb7 58. g4 hxg4 59. fxg4 Rb5 60. g5 Rf5+ 61. Kg4 Rf1 62. Rf4 Rg1+ 63. Kh3 Rh1+ 64. Kg2 Rd1 65. Kg3 Rd3+ 66. Rf3 Rd4 67. Rf4 Rd3+ 68. Kg4 Rd7 69. Re4 Rc7 70. Rd4 Rb7 71. Rc4 Re7 72. Ra4 Rc7 73. Kf4 Rc2 74. Kg4 Rg2+ 75. Kh3 Rc2 76. Kg4 Rg2+ 77. Kf3 Rd2 78. Ke3 Rh2 79. Kf3 Rh3+ 80. Kg4 Rb3 81. h5 gxh5+ 82. Kxh5 Rh3+ 83. Kg4 Rb3 84. Kf4 Rb1 85. Kf5 Rf1+ 86. Rf4 Re1 87. Re4 Rf1+ 88. Rf4 Rg1 89. Rg4 Rf1+ 90. Rf4 1/2-1/2


[Site "https://www.chess.com"]

[Event "Titled Tuesday Blitz February 15 Early 2022"]
[White "Vitiugov, Nikita"]
[Black "Kretov, Evgenij"]
[WhiteFideId "4152956"]
[BlackFideId "4167821"]
[WhiteElo "2673"]
[BlackElo "2303"]
[Result "1-0"]
[Round "05"]
[TimeControl "180+1"]
[Date "2022.02.15"]
[WhiteClock "0:01:58"]
[BlackClock "0:00:17"]

1. c4 Nf6 2. Nc3 c5 3. g3 e6 4. Nf3 b6 5. e4 d6 6. d4 cxd4 7. Nxd4 a6 8. Bg2 Bb7 9. O-O Qc7 10. Qe2 Nbd7 11. f4 Be7 12. g4 O-O 13. g5 Ne8 14. f5 Nc5 15. Be3 Qd8 16. Qg4 e5 17. Nc2 Kh8 18. Nb4 b5 19. cxb5 axb5 20. Rf3 h6 21. Rh3 Qa5 22. Nbd5 Qd8 23. f6 Nxf6 24. gxf6 Bxf6 25. Bxh6 1-0


[Site "https://www.chess.com"]

[Event "Titled Tuesday Blitz February 15 Early 2022"]
[White "Vlassov, Nikolai"]
[Black "Urazayev, Arystanbek"]
[WhiteFideId "4103360"]
[BlackFideId "13709810"]
[WhiteElo "2600"]
[BlackElo "2811"]
[Result "1/2-1/2"]
[Round "05"]
[TimeControl "180+1"]
[Date "2022.02.15"]
[WhiteClock "0:00:37"]
[BlackClock "0:01:10"]

1. e4 c6 2. d4 d5 3. e5 c5 4. dxc5 e6 5. Nf3 Bxc5 6. Bd3 Ne7 7. a3 Ng6 8. O-O O-O 9. b4 Be7 10. c4 a5 11. Bxg6 fxg6 12. cxd5 exd5 13. Nc3 Bg4 14. Qxd5+ Kh8 15. Qxd8 Rxd8 16. Bg5 Nc6 17. Bxe7 Nxe7 18. Ng5 Rd3 19. Nb5 Nc6 20. f4 Bf5 21. Nd6 h6 22. Ngf7+ Kg8 23. Nxf5 Kxf7 24. Nd6+ Ke6 25. Nxb7 Rd2 26. Nxa5 Nxa5 27. bxa5 Rxa5 28. Rf2 Rd3 29. a4 Rd4 30. g3 Rdxa4 31. Rxa4 Rxa4 32. Kg2 g5 33. Kf3 gxf4 34. gxf4 Kf5 35. Kg3 h5 36. Rf3 h4+ 37. Kh3 Re4 38. Rf2 g5 39. fxg5+ Kxg5 40. Rf8 Re3+ 41. Kg2 1/2-1/2


[Site "https://www.chess.com"]

[Event "Titled Tuesday Blitz February 15 Early 2022"]
[White "Volkov, Maksim"]
[Black "Faizrakhmanov, Ramil"]
[WhiteFideId "54123070"]
[BlackFideId "24103209"]
[WhiteElo "2582"]
[BlackElo "2842"]
[Result "1-0"]
[Round "05"]
[TimeControl "180+1"]
[Date "2022.02.15"]
[WhiteClock "0:00:06"]
[BlackClock "0:00:01"]

1. d4 Nf6 2. c4 g6 3. g3 Bg7 4. Bg2 O-O 5. Nc3 d6 6. Nf3 Nc6 7. O-O a6 8. d5 Na5 9. b3 c5 10. dxc6 Nxc6 11. Bg5 Bd7 12. Rc1 b5 13. Nd2 Qa5 14. cxb5 axb5 15. Bxf6 exf6 16. Nde4 f5 17. Nxd6 Bxc3 18. Nxb5 Bg7 19. Qxd7 Ne5 20. Qd5 Rad8 21. Qc5 Qxa2 22. Qc2 Qa5 23. Qc5 Rd2 24. b4 Qa6 25. Nc3 Ng4 26. b5 Qa5 27. Nd5 Rxe2 28. b6 Qxc5 29. Rxc5 Bd4 30. Rb5 Nxf2 31. b7 Nh3+ 32. Kh1 Nf2+ 33. Rxf2 Bxf2 34. Bf3 Re1+ 35. Kg2 Ba7 36. Nc7 Bb8 37. Na6 Re7 38. Nb4 Rd7 39. Nc6 Rc7 40. h4 Re8 41. Kf2 h5 42. Bg2 Kg7 43. Bf3 Rd7 44. Kf1 Rd6 45. Rc5 Rxc6 46. Rxc6 Bxg3 47. Rc8 Re3 48. Kg2 Bf4 49. b8=Q Bxb8 50. Rxb8 Rc3 51. Rb7 Rc5 52. Kg3 Re5 53. Kf4 Ra5 54. Kg5 Ra4 55. Be2 Re4 56. Bf3 Rd4 57. Be2 Ra4 58. Bf3 Ra5 59. Kf4 Ra6 60. Bd5 Rf6 61. Bc4 Kg8 62. Rb8+ Kg7 63. Rb7 Kf8 64. Ke5 Rc6 65. Rxf7+ Ke8 66. Bd5 Rc5 67. Rg7 f4 68. Kd6 Ra5 69. Rg8# 1-0


[Site "https://www.chess.com"]

[Event "Titled Tuesday Blitz February 15 Early 2022"]
[White "Vusatiuk, Vladimir"]
[Black "Rosenberg, Evan S"]
[WhiteFideId "14118610"]
[BlackFideId "2019299"]
[WhiteElo "2157"]
[BlackElo "2330"]
[Result "0-1"]
[Round "05"]
[TimeControl "180+1"]
[Date "2022.02.15"]
[WhiteClock "0:00:04"]
[BlackClock "0:00:06"]

1. Nf3 Nf6 2. b4 g6 3. Bb2 Bg7 4. e3 O-O 5. c4 a5 6. a3 axb4 7. axb4 Rxa1 8. Bxa1 b5 9. c5 Nc6 10. Qb3 Ba6 11. Nc3 Qa8 12. d4 d6 13. d5 Nxd5 14. Qxd5 Bb7 15. Qd1 Nxb4 16. Bb2 dxc5 17. Bxb5 Rd8 18. Qb3 Bxf3 19. gxf3 Qxf3 20. Rg1 c6 21. Be2 Qh3 22. Bc4 e6 23. Ne2 Qxh2 24. Bxg7 Kxg7 25. Qc3+ Kg8 26. Rf1 Nd5 27. Bxd5 Rxd5 28. Nf4 Rd8 29. Qxc5 Qh4 30. Qxc6 Qf6 31. Qc1 e5 32. Ne2 Qa6 33. Nc3 Rc8 34. Kd2 Qd6+ 35. Ke2 Qa6+ 36. Kf3 e4+ 37. Kxe4 Qf6 38. Kd3 Re8 39. Rd1 Qd8+ 40. Kc2 Qc8 41. Rd2 Qf5+ 42. e4 Qf6 43. Qe1 Rc8 44. Qe3 Qa6 45. e5 Qa2+ 46. Kd3 Qb3 47. Rc2 Rd8+ 48. Ke2 Qxc2+ 49. Kf1 Rd2 50. Ne4 Qc1+ 51. Kg2 Rd1 52. Nf6+ Kg7 53. Nh5+ gxh5 54. Qg5+ Qxg5+ 0-1


[Site "https://www.chess.com"]